 Dungeon Crawl Stone Soup version 0.30-b1-2-g02819fbbbe (webtiles) character file.

Game seed: 6404151170046140125

156257 harpo the Tortoise (level 17, -5/119 HPs)
             Began as a Gargoyle Fighter on Sept 4, 2023.
             Was a High Priest of Okawaru.
             Slain by a pharaoh ant (12 damage)
             ... on level 1 of the Spider Nest on Sept 13, 2023.
             The game lasted 03:54:17 (34146 turns).

harpo the Tortoise (Gargoyle Fighter)              Turns: 34146, Time: 03:54:18

Health: -5/119     AC: 49    Str: 33    XL:     17   Next: 37%
Magic:  0/33       EV: 11    Int: 14    God:    Okawaru [*****.]
Gold:   1117       SH:  7    Dex: 14    Spells: 16/16 levels left

rFire   + . .        W - +7 flail of Jeteoxai {drain, rF+ rC+ Str-4 Int+3}
rCold   + . .        F - +0 buckler of Spring Thaw {+Blink Regen+ Dex+2}
rNeg    + + .        P - +7 plate armour "Serer Lama" {rCorr Int+2}
rPois   ∞            v - +2 hat
rElec   +            e - +1 cloak "Wudwod" {Str+3}
rCorr   +            q - +0 pair of gloves of the Tomato {MP+9 Slay+3}
SInv    .            u - +0 pair of boots
Will    ++...        Z - amulet of guardian spirit Stlth
                     j - ring "Merour Dyics" {rPois rN+ Will+ Dex+3}
HPRegen 1.19/turn    I - +6 ring of strength
MPRegen 0.23/turn

%: guardian spirit
@: about to teleport, heroic, flying, studying Transmutations
A: sickness immunity, AC +12, big wings, negative energy resistance 1,
electricity resistance, torment resistance 1, petrification resistance
}: 1/15 runes: decaying
a: Renounce Religion, Evoke Blink, Heroism, Finesse, Duel


You were on level 1 of the Spider Nest.
You worshipped Okawaru.
Okawaru was extremely pleased with you.
You visited 5 branches of the dungeon, and saw 26 of its levels.
You also visited: Gauntlet and Ice Cave.

You collected 2191 gold pieces.
You spent 1074 gold pieces at shops.

Inventory:

Hand Weapons
 l - a +3 eveningstar of venom
 w - a +2 morningstar of protection
 W - the +7 flail of Jeteoxai (weapon) {drain, rF+ rC+ Str-4 Int+3}
   (You found it on level 2 of the Lair of Beasts)

   Str:       It affects your strength (-4).
   Int:       It affects your intelligence (+3).
   rF:        It protects you from fire.
   rC:        It protects you from cold.
Missiles
 x - 112 poisoned darts
 G - 14 curare-tipped darts (quivered)
 L - 10 silver javelins
 Y - 2 javelins
Armour
 e - the +1 cloak "Wudwod" (worn) {Str+3}
   (Okawaru gifted it to you on level 1 of the Lair of Beasts)

   Str:       It affects your strength (+3).
 o - a +1 pair of gloves
 q - the +0 pair of gloves of the Tomato (worn) {MP+9 Slay+3}
   (Okawaru gifted it to you on level 3 of the Lair of Beasts)

   Slay:      It affects your accuracy & damage with ranged weapons and melee
   (+3).
   MP:        It affects your magic capacity (+9).
 s - the +0 buckler of Toecs {+Blink Fly rElec rN+}
   (Okawaru gifted it to you on level 4 of the Swamp)

   rElec:     It insulates you from electricity.
   rN:        It protects you from negative energy.
   Fly:       It grants you flight.
   +Blink:    It lets you blink.
 u - a +0 pair of boots (worn)
 v - a +2 hat (worn)
 F - the +0 buckler of Spring Thaw (worn) {+Blink Regen+ Dex+2}
   (Okawaru gifted it to you on level 14 of the Dungeon)

   Dex:       It affects your dexterity (+2).
   +Blink:    It lets you blink.
   Regen:     It increases your rate of health regeneration.
 P - the +7 plate armour "Serer Lama" (worn) {rCorr Int+2}
   (Okawaru gifted it to you on level 10 of the Dungeon)

   Int:       It affects your intelligence (+2).
   rCorr:     It protects you from acid and corrosion.
 S - a +2 plate armour of fire resistance
Jewellery
 a - a ring of protection from fire
 j - the ring "Merour Dyics" (left hand) {rPois rN+ Will+ Dex+3}
   (You bought it in a shop on level 15 of the Dungeon)

   [ring of poison resistance]

   Dex:       It affects your dexterity (+3).
   rPois:     It protects you from poison.
   rN:        It protects you from negative energy.
   Will:      It increases your willpower.
 k - a ring of see invisible
 y - a ring of protection from cold
 I - a +6 ring of strength (right hand)
 Q - the amulet "Moliew" {Reflect rElec rCorr Str-2 Dex-3 SH+5}
   (You found it in a Gauntlet)

   [amulet of reflection]

   It reflects blocked missile attacks.
   Str:       It affects your strength (-2).
   Dex:       It affects your dexterity (-3).
   rElec:     It insulates you from electricity.
   rCorr:     It protects you from acid and corrosion.
   SH:        It affects your SH (+5).
 Z - an amulet of guardian spirit (around neck)
Wands
 g - a wand of iceblast (15)
 r - a wand of flame (49)
 J - a wand of mindburst (6)
 T - a wand of acid (3)
Scrolls
 b - a scroll of magic mapping
 d - 3 scrolls of fear
 i - 10 scrolls of identify
 t - 5 scrolls of teleportation
 B - a scroll of blinking
 C - 5 scrolls of enchant weapon
 E - 4 scrolls of fog
 K - 3 scrolls of poison
 N - 2 scrolls of silence
 U - 3 scrolls of noise
 V - 2 scrolls of enchant armour
 X - a scroll of brand weapon
Potions
 c - 10 potions of curing
 f - 2 potions of cancellation
 h - 11 potions of heal wounds
 m - 8 potions of attraction
 n - 5 potions of lignification
 p - 2 potions of flight
 z - a potion of resistance
 A - 4 potions of mutation
 M - a potion of haste
Miscellaneous
 D - a phial of floods
 H - a tin of tremorstones (2/2)


   Skills:
 + Level 17.8(22.8) Fighting
 + Level 17.0(22.0) Maces & Flails
 + Level 5.7(10.7) Throwing
 + Level 17.8(22.8) Armour
 - Level 3.0(8.0) Stealth
 + Level 6.0(11.0) Shields
 - Level 10.0 Invocations
 + Level 4.0 Evocations


You had 16 spell levels left.
You didn't know any spells.
Your spell library contained the following spells:

 Spells                   Type           Power      Damage    Failure   Level
 Apportation              Tloc           0%         N/A       69%         1
 Beastly Appendage        Tmut           0%         N/A       69%         1
 Kiss of Death            Conj/Necr      0%         2d5       69%         1
 Magic Dart               Conj           0%         1d3       69%         1
 Necrotise                Necr           0%         1d4       69%         1
 Sandblast                Erth           0%         2d4       69%         1
 Blink                    Tloc           0%         N/A       83%         2
 Lesser Beckoning         Tloc           0%         N/A       83%         2
 Passwall                 Tmut/Erth      0%         N/A       83%         2
 Searing Ray              Conj           0%         2d4       83%         2
 Static Discharge         Conj/Air       0%         2-2/arc   83%         2
 Wereblood                Tmut           0%         N/A       83%         2
 Confusing Touch          Hex            0%         N/A       96%         3
 Dazzling Flash           Conj/Hex       0%         N/A       96%         3
 Gell's Gravitas          Tloc           0%         N/A       96%         3
 Ignite Poison            Fire/Tmut/Pois 0%         N/A       96%         3
 Inner Flame              Hex/Fire       0%         N/A       96%         3
 Ozocubu's Armour         Ice            0%         N/A       96%         3
 Spider Form              Tmut/Pois      0%         N/A       96%         3
 Stone Arrow              Conj/Erth      0%         3d7       96%         3
 Teleport Other           Tloc           0%         N/A       96%         3
 Airstrike                Air            0%         2d(0-16)  100%        4
 Anguish                  Hex/Necr       0%         N/A       100%        4
 Dispel Undead            Necr           0%         3d6       100%        4
 Fulminant Prism          Conj/Hex       0%         3d5       100%        4
 Manifold Assault         Tloc           0%         N/A       100%        4
 Passage of Golubria      Tloc           0%         N/A       100%        4
 Agony                    Necr           0%         N/A       100%        5
 Blade Hands              Tmut           0%         N/A       100%        5
 Freezing Cloud           Conj/Ice/Air   0%         6-21      100%        5
 Metabolic Englaciation   Hex/Ice        0%         N/A       100%        5
 Silence                  Hex/Air        0%         N/A       100%        5
 Yara's Violent Unravell  Hex/Tmut       0%         3d3       100%        5
 Enfeeble                 Hex            0%         N/A       100%        7
 Ozocubu's Refrigeration  Ice            0%         4d7       100%        7
 Storm Form               Tmut/Air       0%         N/A       100%        7
 Borgnjor's Revivificati  Necr           0%         N/A       100%        8
 Lehudib's Crystal Spear  Conj/Erth      0%         10d2      100%        8
 Necromutation            Tmut/Necr      0%         N/A       100%        8
 Death's Door             Necr           0%         N/A       100%        9
 Summon Small Mammal      Summ           Unusable   N/A       N/A         1
 Cigotuvi's Dreadful Rot  Necr/Pois/Air  Unusable   N/A       N/A         2
 Sublimation of Blood     Necr           Unusable   N/A       N/A         2
 Summon Lightning Spire   Summ/Air       Unusable   N/A       N/A         4
 Death Channel            Necr           Unusable   N/A       N/A         6
 Simulacrum               Ice/Necr       Unusable   N/A       N/A         6
 Summon Hydra             Summ           Unusable   N/A       N/A         7

Dungeon Overview and Level Annotations

Branches:
Dungeon (15/15)            Temple (1/1) D:4            Lair (5/5) D:10
  Swamp (4/4) Lair:3       Spider (1/4) Lair:3        Slime (0/5) Lair:4
    Orc (0/2) D:12         Vaults (0/5) D:14         Depths (0/4) D:15
  IceCv (visited)         Gauntlet (visited)

Altars:
Ashenzari
Cheibriados
Dithmenos
Elyvilon
Fedhas
Gozag
Hepliaklqana
Kikubaaqudgha
Makhleb
Nemelex Xobeh
Okawaru
Qazlal
Ru
Sif Muna
Trog
Uskayaw
Vehumet
Wu Jian
Xom
Yredelemnul
Zin
The Shining One
Jiyva
Lugonu

Shops:
D:8 :[*!:   D:10 *   D:15 =

Portals:
Abyss: Lair:5

Annotations:
D:4 1 runed translucent door, Farlane's ghost, weakling HOMo
D:6 1 runed translucent door, Crazy Yiuf
D:8 exclusion: downstairs
D:10 exclusion: downstairs
Lair:3 1 runed translucent door, exclusion: door, LLlMATKO's ghost, journeyman MiBe
Lair:4 3 runed translucent doors, exclusions: 3 doors and 3 more exclusions, Fifowuza's ghost, journeyman DrTm
Swamp:1 Roxanne


Innate Abilities, Weirdness & Mutations

You are immune to sickness and miasma.
Your stone body is resilient. (AC +12)
You are immune to poison.
Your large and strong wings let you fly.
You resist negative energy. (rN+)
You are resistant to electric shocks. (rElec)
You are resistant to unholy torment.
You are immune to petrification.


Message History

You sock the demonic crawler!
The demonic crawler is moderately wounded.
The demonic crawler misses you. You block the demonic crawler's attack.
The demonic crawler hits you!
The demonic crawler completely misses you.
The demonic crawler hits you!
* * * LOW HITPOINT WARNING * * *
The demonic crawler barely misses you.
You feel much better.
The demonic crawler hits you but does no damage.
You block the demonic crawler's attack. The demonic crawler closely misses you.
The pharaoh ant closely misses you.
A culicivora comes into view.
The demonic crawler hits you!
The demonic crawler hits you but does no damage.
The demonic crawler barely misses you.
As you read the scroll of teleportation, it crumbles to dust.
You feel strangely unstable.
The culicivora's many legs skitter faintly.
The pharaoh ant barely misses you. The demonic crawler misses you.
The demonic crawler hits you!
* * * LOW HITPOINT WARNING * * *
The demonic crawler hits you!!
* * * LOW HITPOINT WARNING * * *
You block the pharaoh ant's attack. The demonic crawler hits you!
* * * LOW HITPOINT WARNING * * *
The demonic crawler hits you but does no damage.
You block the demonic crawler's attack.
As you read the scroll of magic mapping, it crumbles to dust.
You feel momentarily disoriented.
The demonic crawler hits you but does no damage. x2
You block the demonic crawler's attack. You block the pharaoh ant's attack.
The demonic crawler hits you but does no damage.
The demonic crawler closely misses you. The demonic crawler barely misses you.
The pharaoh ant attacks as you move away!
The pharaoh ant bites you but does no damage.
The demonic crawler attacks as you move away!
The demonic crawler hits you but does no damage. x3
The pharaoh ant bites you!
You die...

**,***,,,,,,,,,,,* *#.,,,,,,,,,,
*,,*,**,,,,,,,,,* *#.,,,,,,,,,,,
**,,,******,,,,,,**#.,*,,,,,,,,,*
*,,*,**####***#####.,**,,,,,,,,**
*,,*,*,....####.#..****,,,,,,,**
*,,*,*,..[....#...#* **,**,,,****
*,,*,,,...........####..#******,*
,,*,,,,..........s.^....#*****,,,
,,*,*,,.........@Bs......,,,**,,,
,,^,*,,..................,,,**,,,
,,,,,,,...........##.....,,,,,,,,
**,,**,.........###*.....,,,,,,,,
*,,**,..^......## *,....,,,,,,,*
**,***,.##....##.##*,....,,,,,,**
*,,* *,*,####.*##.#,,,...,,,,,***
*,****,*,* ##*##.#*,,,,,,,,,,* *
,,* *,**** #.##*,,,,,,,,,,***


You could see a demonic crawler (berserk), a culicivora and a pharaoh ant.

Vanquished Creatures
  2 Ice Fiends (IceCv)
  A tentacled monstrosity (Swamp:4)
  Gastronok (Lair:2)
  2 thorn hunters (Swamp:4)
  A fenstrider witch (Lair:3)
  3 eleionomae
  A minotaur (Gauntlet)
  3 bunyips
  Snorg (D:14)
  2 shambling mangroves
  3 rakshasas (D:15)
  3 vault guards (D:14)
  23 hydras
  A spriggan air mage (Swamp:4)
  2 caustic shrike simulacra (IceCv)
  2 ogre magi
  3 centaur warriors
  2 ghost crabs
  5 alligators
  6 two-headed ogres
  9 death yaks
  6 boulder beetles
  2 tengu warriors
  2 thrashing horrors (Lair:5)
  Sonja (D:10)
  A deep elf knight (D:14)
  5 goliath frogs
  Amaemon (D:9)
  A glowing orange brain (D:15)
  A spriggan druid (Swamp:1)
  A deep elf archer (D:14)
  2 spriggan simulacra
  11 swamp dragons
  5 bog bodies
  An orb spider (Lair:3)
  2 obsidian statues (IceCv)
  3 orc knights
  An orc sorcerer (D:14)
  A wolf spider (Spider:1)
  3 deep elf pyromancers (D:15)
  A manticore (D:14)
  5 will-o-the-wisps
  6 ugly things
  5 cyclopes
  4 black mambas
  A faun (shapeshifter) (D:14)
  A moth of wrath (Spider:1)
  20 elephants
  An apocalypse crab (Gauntlet)
  3 gargoyles
  9 cane toads
  2 smoke demons (Lair:5)
  An orange demon (D:9)
  9 rime drakes
  7 komodo dragons
  3 anaconda simulacra (Spider:1)
  An efreet (D:15)
  5 freezing wraiths (IceCv)
  A rime drake (shapeshifter) (D:15)
  An ice devil (IceCv)
  A kobold demonologist (D:11)
  2 tengu conjurers
  An ancient zyme (Lair:5)
  4 golden dragon simulacra (IceCv)
  2 bloated husks (Swamp:3)
  A meliai (shapeshifter) (Lair:5)
  7 trolls
  A polar bear (Lair:1)
  A tarantella (Spider:1)
  12 tyrant leeches
  A raiju (Gauntlet)
  13 hornets
  15 blink frogs
  11 slime creatures
  4 large abominations (Lair:5)
  9 small abominations
  A vampire (D:12)
  3 shadows
  4 wraiths
  A culicivora (Spider:1)
  10 spriggans
  5 wyverns
  A ynoxinul (Lair:5)
  46 yaks
  A human (D:14)
  2 chaos spawn (Lair:5)
  A minotaur simulacrum (Spider:1)
  3 steam dragons
  12 basilisks
  16 vampire mosquitoes
  A harpy simulacrum (Spider:1)
  12 swamp worms
  2 acid dragons
  A swamp worm (shapeshifter) (D:15)
  3 hydra simulacra (IceCv)
  14 water moccasins
  An orc warrior (D:12)
  9 swamp drakes
  2 sky beasts
  A black bear (shapeshifter) (D:15)
  An ettin simulacrum (IceCv)
  A black bear (D:8)
  A boggart (D:11)
  4 ogres
  3 wolves (Lair:3)
  3 centaurs
  22 kobold brigands
  8 bullfrogs
  A gnoll sergeant (D:6)
  4 scorpions
  14 wights
  4 deep troll simulacra
  10 killer bees
  5 howler monkeys (D:7)
  7 hounds
  6 jellies
  8 orc priests
  A gnoll bouda (D:6)
  3 iguanas
  A sleepcap (D:6)
  7 orc wizards
  11 gnolls
  10 adders
  A shadow imp (D:6)
  A white imp (D:8)
  2 ufetubi
  2 worms (D:3)
  3 dart slugs (D:1)
  39 orcs
  6 ball pythons
  4 endoplasms
  7 giant cockroaches
  8 goblins
  7 hobgoblins
  16 jackals
  2 quokkas
  7 bats
  3 frilled lizards
  12 kobolds
  6 rats
  2 briar patches (Swamp:4)
712 creatures vanquished.

Vanquished Creatures (others)
  A bloated husk (Swamp:2)
  An orc wizard (D:7)
  22 foxfires
  33 fungi
  40 plants
97 creatures vanquished.

Grand Total: 809 creatures vanquished

Notes
Turn   | Place    | Note
-------+----------+-------------------------------------------
     0 | D:1      | harpo the Gargoyle Fighter began the quest for the Orb.
     0 | D:1      | Reached XP level 1. HP: 14/14 MP: 1/1
   183 | D:1      | Reached XP level 2. HP: 18/19 MP: 2/2
   279 | D:1      | Found a faded altar of an unknown god.
   517 | D:1      | Reached XP level 3. HP: 23/23 MP: 3/3
   875 | D:2      | Identified the +3 ring mail "Jad Lije" {-Tele rCorr Stlth+}
   889 | D:2      | Found a snail-covered altar of Cheibriados.
   957 | D:2      | Reached XP level 4. HP: 26/29 MP: 4/4
  1617 | D:3      | Found a hazy altar of Hepliaklqana.
  1617 | D:3      | Found an iron altar of Okawaru.
  1690 | D:3      | Found a bloodstained altar of Trog.
  1723 | D:2      | Reached skill level 1 in Stealth
  1747 | D:2      | Reached XP level 5. HP: 13/33 MP: 5/5
  2964 | D:4      | Found a runed translucent door.
  2970 | D:4      | Noticed Farlane's ghost (weakling HOMo)
  2998 | D:4      | Reached XP level 6. HP: 38/38 MP: 6/6
  3086 | D:4      | Found a staircase to the Ecumenical Temple.
  3095 | Temple   | Entered the Ecumenical Temple
  3761 | D:3      | Found an ornate altar of the Wu Jian Council.
  3761 | D:3      | Found a hide-covered altar of Uskayaw.
  3770 | D:3      | Became a worshipper of Warmaster Okawaru
  3920 | D:5      | Entered Level 5 of the Dungeon
  4223 | D:5      | Reached XP level 7. HP: 44/44 MP: 7/7
  4557 | D:5      | Identified the +15 plate armour of the End {Harm rPois rC-}
  4587 | D:5      | Reached * piety under Okawaru
  4654 | D:5      | Reached skill level 5 in Maces & Flails
  5167 | D:5      | Reached skill level 5 in Shields
  5243 | D:6      | Reached skill level 5 in Fighting
  5243 | D:6      | Reached skill level 5 in Armour
  5310 | D:6      | Reached skill level 1 in Invocations
  5355 | D:6      | Found a runed translucent door.
  5445 | D:6      | Reached XP level 8. HP: 49/49 MP: 8/8
  5577 | D:6      | Reached ** piety under Okawaru
  5607 | D:6      | Noticed a komodo dragon
  5635 | D:6      | Killed a komodo dragon
  6430 | D:6      | Noticed Crazy Yiuf
  6575 | D:6      | Reached XP level 9. HP: 47/55 MP: 8/11
  7546 | D:7      | Reached skill level 1 in Evocations
  8193 | D:7      | Reached *** piety under Okawaru
  8415 | D:8      | Reached skill level 1 in Throwing
  8423 | D:8      | Found Foarimit's Distillery.
  8436 | D:8      | Noticed a green ugly thing
  8558 | D:8      | Found Leecis's Armour Shoppe.
  8640 | D:8      | Reached XP level 10. HP: 56/63 MP: 12/12
  8667 | D:8      | Found a flagged portal.
  8706 | D:8      | Found Kenugryjay's Assorted Antiques.
  8714 | D:8      | Bought a twisted moonstone ring for 120 gold pieces
  8714 | D:8      | Bought a scroll of identify for 48 gold pieces
  8714 | D:8      | Bought a potion of heal wounds for 120 gold pieces
  8772 | D:8      | Found Rutaewk's Book Emporium.
  9141 | D:8      | Found Kuusav's Book Shoppe.
  9347 | D:8      | Killed a green ugly thing
  9386 | D:8      | Bought a potion of lignification for 36 gold pieces
  9386 | D:8      | Bought a potion of heal wounds for 60 gold pieces
  9483 | D:9      | Noticed Amaemon
  9487 | D:9      | Noticed an orange demon
 10207 | D:9      | Reached **** piety under Okawaru
 10262 | D:9      | Noticed a cyclops
 10349 | D:9      | Killed a cyclops
 10462 | D:9      | Killed an orange demon
 10529 | D:9      | Killed Amaemon
 10730 | D:9      | Found a glowing golden altar of the Shining One.
 10731 | D:9      | Found a glowing silver altar of Zin.
 10969 | D:10     | Entered Level 10 of the Dungeon
 10969 | D:10     | Noticed a death yak
 10972 | D:10     | Noticed a death yak
 10977 | D:10     | Noticed a death yak
 11084 | D:10     | Noticed a death yak
 11084 | D:10     | Noticed a death yak
 11095 | D:9      | Killed a death yak
 11096 | D:9      | Reached XP level 11. HP: 31/71 MP: 10/13
 11269 | D:10     | Identified the +5 whip of Wabiege {speed, rF+ SInv}
 11282 | D:10     | Noticed a two-headed ogre
 11296 | D:10     | Killed a two-headed ogre
 11297 | D:10     | Reached skill level 10 in Maces & Flails
 11300 | D:10     | Reached ***** piety under Okawaru
 11511 | D:10     | Noticed Sonja
 11515 | D:10     | Killed Sonja
 11637 | D:10     | Identified the +7 plate armour "Serer Lama" {rCorr Int+2}
                  | (Okawaru gifted it to you on level 10 of the Dungeon)
 11637 | D:10     | Received a gift from Okawaru
 11673 | D:10     | Found Ipse's Assorted Antiques.
 11676 | D:10     | Bought a scroll of identify for 44 gold pieces
 11742 | D:10     | Reached skill level 10 in Fighting
 11742 | D:10     | Reached skill level 10 in Armour
 12232 | D:10     | Killed a death yak
 12238 | D:10     | Killed a death yak
 12246 | D:10     | Killed a death yak
 12254 | D:10     | Killed a death yak
 12255 | D:10     | Reached skill level 5 in Invocations
 12304 | D:10     | Found a staircase to the Lair.
 12709 | D:11     | Noticed a six-headed hydra
 12794 | D:11     | Noticed a soul eater
 12799 | D:11     | Identified the +0 helmet of Toczivva {-Tele MP+9 Int+2
                  | Dex+4} (Okawaru gifted it to you on level 11 of the
                  | Dungeon)
 12799 | D:11     | Received a gift from Okawaru
 12811 | D:11     | Reached XP level 12. HP: 75/79 MP: 16/16
 13307 | D:11     | Killed a six-headed hydra
 13400 | D:11     | Identified the +2 battleaxe "Ruebb" {freeze, *Noise rPois
                  | rN+ Int+3}
 13939 | Lair:1   | Entered Level 1 of the Lair of Beasts
 14664 | Lair:1   | Identified the +4 ring mail of the Doomed God {-Tele Str+2
                  | Int+2 Dex+3}
 15223 | Lair:2   | Noticed Gastronok
 15244 | Lair:2   | Killed Gastronok
 15287 | Lair:2   | Found a gate leading to a gauntlet.
 15296 | Gauntlet | Entered a Gauntlet
 15296 | Gauntlet | Found a large runed translucent door.
 15296 | Gauntlet | Found a large runed translucent door.
 15296 | Gauntlet | Found a large runed translucent door.
 15296 | Gauntlet | Found a large runed translucent door.
 15296 | Gauntlet | Found a large runed translucent door.
 15296 | Gauntlet | Found a large runed translucent door.
 15296 | Gauntlet | Found a runed translucent door.
 15296 | Gauntlet | Found a transporter.
 15296 | Gauntlet | Found a transporter.
 15296 | Gauntlet | Found a runed translucent door.
 15296 | Gauntlet | Found a large runed translucent door.
 15296 | Gauntlet | Found a large runed translucent door.
 15296 | Gauntlet | Found a large runed translucent door.
 15296 | Gauntlet | Found a large runed translucent door.
 15296 | Gauntlet | Found a large runed translucent door.
 15296 | Gauntlet | Found a large runed translucent door.
 15300 | Gauntlet | Found a transporter.
 15300 | Gauntlet | Found a transporter.
 15309 | Gauntlet | Found a transporter.
 15311 | Gauntlet | Noticed a death scarab
 15325 | Gauntlet | Noticed a death scarab
 15328 | Gauntlet | Found a transporter.
 15338 | Gauntlet | Found a transporter.
 15338 | Gauntlet | Found a transporter.
 15339 | Gauntlet | Noticed a death scarab
 15339 | Gauntlet | Noticed a death scarab
 15347 | Gauntlet | Noticed a quicksilver ooze
 15362 | Gauntlet | Found a transporter.
 15369 | Gauntlet | Found a transporter.
 15381 | Gauntlet | Found a transporter.
 15394 | Gauntlet | Found a large runed translucent door.
 15395 | Gauntlet | Found a large runed translucent door.
 15397 | Gauntlet | Found a runed translucent gate.
 15398 | Gauntlet | Found a runed translucent gate.
 15399 | Gauntlet | Found a transporter.
 15399 | Gauntlet | Found a runed translucent gate.
 15413 | Gauntlet | Found a large runed translucent door.
 15414 | Gauntlet | Found a large runed translucent door.
 15441 | Gauntlet | Found a transporter.
 15455 | Gauntlet | Found a transporter.
 15556 | Gauntlet | Found a transporter.
 15570 | Gauntlet | Found a transporter.
 15869 | Gauntlet | Identified the amulet "Moliew" {Reflect rElec rCorr Str-2
                  | Dex-3 SH+5}
 15897 | Gauntlet | Identified the orb of the Harvest Moon {light, -Tele rF+
                  | Will+}
 15897 | Gauntlet | Noticed a minotaur
 15905 | Gauntlet | Killed a minotaur
 15906 | Gauntlet | Reached XP level 13. HP: 67/86 MP: 15/18
 15915 | Gauntlet | Got the Precepts of the Secret Defenders
 16140 | Lair:2   | Identified the +7 flail of Jeteoxai {drain, rF+ rC+ Str-4
                  | Int+3}
 16440 | Lair:1   | Identified the +1 cloak "Wudwod" {Str+3} (Okawaru gifted it
                  | to you on level 1 of the Lair of Beasts)
 16440 | Lair:1   | Received a gift from Okawaru
 17127 | Lair:3   | Identified the +7 dagger of Pyalis {speed, rPois Str+3
                  | Stlth+}
 17275 | Lair:3   | Found a hole to the Spider Nest.
 17735 | Lair:3   | Found a runed translucent door.
 18103 | Lair:3   | Found a staircase to the Swamp.
 18263 | Lair:3   | Identified the +7 spear of the Asp {heavy, rPois MP-9
                  | Dex+4}
 18263 | Lair:3   | Noticed LLlMATKO's ghost (journeyman MiBe)
 18639 | Lair:4   | Found a runed translucent gate.
 18639 | Lair:4   | Found a runed translucent gate.
 18639 | Lair:4   | Found a runed translucent gate.
 19152 | Lair:4   | Found a runed translucent door.
 19152 | Lair:4   | Found a viscous altar of Jiyva.
 19189 | Lair:4   | Found a staircase to the Slime Pits.
 19299 | Lair:4   | Received a gift from Okawaru
 19364 | Lair:4   | Noticed Fifowuza's ghost (journeyman DrTm)
 19806 | Lair:5   | Entered Level 5 of the Lair of Beasts
 19929 | Lair:4   | Received a gift from Okawaru
 19930 | Lair:4   | Gained mutation: Your large and strong wings let you fly.
                  | [Gargoyle growth]
 19930 | Lair:4   | Reached XP level 14. HP: 95/95 MP: 20/20
 20666 | Lair:5   | Received a gift from Okawaru
 20666 | Lair:5   | Found the +4 skin of Zhor {*Englaciate rC+++ SInv}
 21429 | Lair:5   | Reached ****** piety under Okawaru
 21765 | Lair:5   | Found a corrupted altar of Lugonu.
 21768 | Lair:5   | Found a one-way gate to the infinite horrors of the Abyss.
 22681 | Lair:5   | Identified the +3 pair of gloves of the Crypt {rF+}
                  | (Okawaru gifted it to you on level 5 of the Lair of Beasts)
 22681 | Lair:5   | Received a gift from Okawaru
 23530 | D:12     | Found a staircase to the Orcish Mines.
 23560 | D:12     | Reached skill level 5 in Throwing
 24045 | D:12     | You are sucked into a shaft and drop 2 floors!
 24894 | D:13     | Reached XP level 15. HP: 101/101 MP: 22/22
 25742 | D:14     | Reached skill level 10 in Invocations
 25818 | D:14     | Found a shimmering blue altar of Sif Muna.
 25864 | D:14     | Reached skill level 15 in Fighting
 25903 | D:14     | Reached skill level 15 in Armour
 25961 | D:14     | Noticed Snorg
 25980 | D:14     | Killed Snorg
 26300 | D:14     | Identified the +0 buckler of Spring Thaw {+Blink Regen+
                  | Dex+2} (Okawaru gifted it to you on level 14 of the
                  | Dungeon)
 26300 | D:14     | Received a gift from Okawaru
 26700 | D:14     | Found a gate to the Vaults.
 26749 | D:15     | Entered Level 15 of the Dungeon
 27042 | D:15     | Reached skill level 15 in Maces & Flails
 27549 | D:15     | Found a glowing golden altar of the Shining One.
 27696 | D:15     | Found Baciew's One-of-a-Kind Rings.
 27714 | D:15     | Bought the ring "Merour Dyics" {rPois rN+ Will+ Dex+3} for
                  | 646 gold pieces
 28122 | D:15     | Found a staircase to the Depths.
 28417 | Swamp:1  | Entered Level 1 of the Swamp
 28419 | Swamp:1  | Noticed a fenstrider witch
 28436 | Lair:3   | Killed a fenstrider witch
 28449 | Lair:3   | Identified the +0 pair of gloves of the Tomato {MP+9
                  | Slay+3} (Okawaru gifted it to you on level 3 of the Lair of
                  | Beasts)
 28449 | Lair:3   | Received a gift from Okawaru
 28616 | Swamp:1  | Reached XP level 16. HP: 102/110 MP: 23/23
 29299 | Swamp:1  | Identified Roxanne's Catalogue of Therianthropy
 29299 | Swamp:1  | Noticed Roxanne
 30745 | Swamp:3  | Received a gift from Okawaru
 31094 | Swamp:4  | Entered Level 4 of the Swamp
 31444 | Swamp:4  | Noticed a thorn hunter
 31470 | Swamp:4  | Killed a thorn hunter
 31582 | Swamp:4  | Noticed a tentacled monstrosity
 31630 | Swamp:4  | Killed a tentacled monstrosity
 31742 | Swamp:4  | Received a gift from Okawaru
 31870 | Swamp:4  | Identified the +0 buckler of Toecs {+Blink Fly rElec rN+}
                  | (Okawaru gifted it to you on level 4 of the Swamp)
 31870 | Swamp:4  | Received a gift from Okawaru
 31894 | Swamp:4  | Noticed a thorn hunter
 31913 | Swamp:4  | Killed a thorn hunter
 32010 | Swamp:4  | Reached XP level 17. HP: 115/118 MP: 24/24
 32313 | Swamp:4  | Got a decaying rune of Zot
 32868 | Spider:1 | Entered Level 1 of the Spider Nest
 32934 | Spider:1 | Found a frozen archway.
 32951 | IceCv    | Entered an ice cave
 33860 | IceCv    | Noticed an Ice Fiend
 33860 | IceCv    | Noticed an Ice Fiend
 33885 | IceCv    | Killed an Ice Fiend
 33896 | IceCv    | Killed an Ice Fiend
 34144 | Spider:1 | HP: 5/119 [demonic crawler (9)]
 34146 | Spider:1 | Slain by a pharaoh ant

Illustrated notes

Levels and vault maps discovered:
D:1:      dpeg_arrival_stonehenge_8_columns, layout_loops_ring,
          hellmonk_ecumenical_altar_lost_god, serial_bayou_pond_c
D:2:      layout_loops_corners, basic_altar
D:3:      layout_rooms, nicolae_overflow_hidden_temple, minmay_misc_feat_rugged,
          wad_rectangle_vault
D:4:      layout_loops_ring, minmay_temple_entry_proselytizer,
          ebering_ghost_sewer_d
D:5:      layout_basic, nicolae_hexahallways, grunt_ministairs_11,
          minmay_quadrilaterals
D:6:      layout_loops_ring, minmay_manual_moon, uniq_crazy_yiuf_cottage
D:7:      layout_rooms, serial_curves, eino_curves_01, eino_curves_02,
          eino_curves_04, minmay_a_box_with_orc_wizards_in_it
D:8:      layout_basic, serial_shops, shop_coins, nicolae_book_shop_shelving,
          shop, shop, shop, enter_bailey_5
D:9:      layout_long_grid, gammafunk_temple_overflow_statue, uniq_amaemon
D:10:     layout_cave_pods, dpeg_lair_monsters, serial_shops,
          nicolae_shop_real_fake_doors, uniq_sonja
D:11:     layout_roguey [special_room_kobold], serial_park_tiny_1,
          minmay_checkerbox
D:12:     layout_grid_maze, orc_david_3
D:13:     layout_irregular_city
D:14:     layout_irregular_city, grunt_vaults_entry_fortified,
          kennysheep_doodads, led_sif_pool, uniq_snorg
D:15:     gammafunk_enter_depths_forms, layout_rooms, lemuel_crystal_altar,
          nicolae_shop_unique_rings
Temple:   nicolae_temple_bog_church
Lair:1:   layout_cave_pods, lemuel_fruit_fields
Lair:2:   layout_layer_cave, gauntlet_entry_generic, minmay_hedge_maze,
          uniq_gastronok
Lair:3:   layout_cave_pods, minmay_swamp_entry_worms,
          nicolae_spider_entry_orb_guardian, ebering_ghost_funeral_grove,
          beast_lair_carwin_2
Lair:4:   layout_cave_pods, slime_entry_2, gammafunk_ghost_icy,
          lemuel_fruit_fields
Lair:5:   hellmonk_lair_end_abyssal_woods, layout_gridlike
Swamp:1:  layout_basic_swamp, infiniplex_staircase_pool, uniq_roxanne
Swamp:2:  layout_basic_swamp, nicolae_swamp_oxbows, swamp_pool5
Swamp:3:  layout_basic_swamp, evilmike_swamp_ruin_house_2
Swamp:4:  swamp_alternative, layout_basic_swamp
Spider:1: layout_chambers, portal_ice_cave_entry_ice_simulacra

Skill      XL: |  1  2  3  4  5  6  7  8  9 10 11 12 13 14 15 16 17 |
---------------+----------------------------------------------------+-----
Maces & Flails | 3 4 5 7 8 9 10 12 13 14 15 16 17 | 17.0
Stealth        | 1 2 3 |  3.0
Fighting       | 4 5 6 7 9 10 12 13 14 16 17 | 17.8
Shields        | 4 5 6 |  6.0
Armour         | 4 5 6 7 9 10 12 13 14 16 17 | 17.8
Invocations    | 1 3 5 7 8 9 10 | 10.0
Evocations     | 3 4 |  4.0
Throwing       | 1 3 5 |  5.7

Action                     |  1- 3 |  4- 6 |  7- 9 | 10-12 | 13-15 | 16-18 || total
---------------------------+-------+-------+-------+-------+-------+-------++-------
  Melee: Flail             |   123 |   212 |   453 |       |  1306 |   707 ||  2801
         Mace              |       |       |    65 |   564 |    20 |       ||   649
         Unarmed           |       |       |       |     2 |       |       ||     2
         Whip              |       |       |       |       |    50 |       ||    50
  Throw: Throwing net      |       |       |     2 |       |       |       ||     2
         Dart              |       |       |       |    45 |    82 |    11 ||   138
         Javelin           |       |       |       |     1 |     6 |    20 ||    27
 Invoke: Heroism           |       |       |     4 |    14 |     6 |     5 ||    29
         Finesse           |       |       |       |       |       |     1 ||     1
  Evoke: Wand              |       |       |       |     3 |       |     3 ||     6
    Use: Scroll            |       |     6 |    10 |    12 |    12 |     6 ||    46
         Potion            |       |       |     3 |     5 |     5 |     6 ||    19
   Stab: Paralysed         |       |       |       |     3 |       |       ||     3
 Armour: Scale mail        |    51 |       |       |       |       |       ||    51
         Ring mail         |    17 |   106 |       |       |       |       ||   123
         Chain mail        |       |     5 |   308 |   106 |       |       ||   419
         Skin              |       |       |       |     1 |       |       ||     1
         Plate armour      |       |       |       |   238 |   958 |   698 ||  1894
  Dodge: Dodged            |    54 |    91 |   190 |   199 |   378 |   289 ||  1201
  Block: Buckler           |    27 |    47 |   121 |   139 |   307 |   213 ||   854
